 Dungeon Crawl Stone Soup version 0.30-a0-857-gcaf70739d4 (webtiles) character file.

Game seed: 1686902985705519938

952 cforsyth the Thaumaturge (level 7, -4/36 HPs)
             Began as a Deep Elf Earth Elementalist on Mar 5, 2023.
             Was an Initiate of Vehumet.
             Slain by a yak (9 damage)
             ... on level 3 of the Dungeon on Mar 6, 2023.
             The game lasted 00:06:54 (4794 turns).

cforsyth the Thaumaturge (DEEE)                     Turns: 4794, Time: 00:06:55

Health: -4/36      AC:  3    Str: 11    XL:     7   Next: 90%
Magic:  21/21      EV: 12    Int: 22    God:    Vehumet [......]
Gold:   208        SH:  0    Dex: 15    Spells: 22/23 levels left

rFire   . . .      SeeInvis .    (no weapon)
rCold   . . .      Faith    .    (no shield)
rNeg    . . .      Spirit   .    a - +0 robe
rPois   .          Reflect  .    (no helmet)
rElec   .          Rampage  .    (no cloak)
rCorr   .                        (no gloves)
Will    .....                    c - +0 pair of boots
Stlth   ++                       (no amulet)
HPRegen 0.26/turn                q - +6 ring of strength
MPRegen 0.17/turn                (no ring)

@: hasted, very quick
A: no striking features
a: Renounce Religion


You were on level 3 of the Dungeon.
You worshipped Vehumet.
Vehumet was noncommittal.
You visited 2 branches of the dungeon, and saw 6 of its levels.
You also visited: Ossuary.

You collected 208 gold pieces.

Inventory:

Missiles
 h - a throwing net
Armour
 a - a +0 robe (worn)
 c - a +0 pair of boots (worn)
Jewellery
 q - a +6 ring of strength (left hand)
Scrolls
 d - 2 scrolls of teleportation {unknown}
 e - 2 scrolls of summoning {unknown}
 f - a scroll of amnesia {unknown}
 g - a scroll of torment {unknown}
 j - a scroll of fear {unknown}
 k - a scroll of immolation {unknown}
 u - a scroll of enchant armour {unknown}
 v - a scroll of poison {unknown}
Potions
 b - a potion of magic
 i - 5 potions of curing
 m - a potion of heal wounds {unknown}
 o - 2 potions of brilliance
 p - a potion of might {unknown}
 r - a potion of degeneration {unknown}
 s - 2 potions of mutation
 t - 2 potions of flight


   Skills:
 - Level 2.4 Dodging
 - Level 2.4 Stealth
 + Level 8.9 Spellcasting
 - Level 1.1 Transmutations
 + Level 7.8 Earth Magic


You had 22 spell levels left.
You knew the following spells:

 Your Spells              Type           Power      Damage    Failure   Level
a - Sandblast             Erth           88%        2d18      1%          1

Your spell library contained the following spells:

 Spells                   Type           Power      Damage    Failure   Level
 Passwall                 Tmut/Erth      24%        N/A       1%          2
 Stone Arrow              Conj/Erth      54%        3d10      4%          3
 Magic Dart               Conj           36%        1d4       7%          1
 Summon Small Mammal      Summ           36%        N/A       7%          1
 Call Imp                 Summ           9%         N/A       11%         2
 Petrify                  Tmut/Erth      29%        N/A       11%         4
 Call Canine Familiar     Summ           9%         N/A       21%         3
 Mephitic Cloud           Conj/Pois/Air  9%         N/A       21%         3
 Summon Guardian Golem    Hex/Summ       9%         N/A       21%         3


Dungeon Overview and Level Annotations

Branches:
Dungeon (5/15)             Temple (1/1) D:5         Ossuary (visited)

Altars:
Ashenzari
Cheibriados
Fedhas
Gozag
Kikubaaqudgha
Nemelex Xobeh
Okawaru
Ru
Sif Muna
Trog
Uskayaw
Vehumet
Wu Jian
Yredelemnul
Zin
The Shining One


Message History

Vehumet accepts your kill.
The blast of sand hits the orc wizard!!
You kill the orc wizard!
Vehumet accepts your kill.
You can't see any susceptible monsters within range! (Use Z to cast anyway.)
You can't see any susceptible monsters within range! (Use Z to cast anyway.)
You can't see any susceptible monsters within range! (Use Z to cast anyway.) Magic restored.
Found a stone staircase leading down.
There is a stone staircase leading down here.
A yak comes into view.
A yak is nearby!
A yak is nearby!
A yak is nearby!
A yak and an iguana come into view.
A white imp and a yak come into view.
The iguana hisses menacingly.
The teleport trap disappears.
The yak disappears!
The iguana hisses menacingly.
There is a stone staircase leading down here.
There is an escape hatch in the ceiling here.
The blast of sand hits the yak!
The yak is moderately wounded.
The yak gores you! The yak misses you. The yak barely misses you.
A mysterious force pulls you upwards. The hatch slams shut behind you.
The yak attacks as you move away! The yak closely misses you.
The yak barely misses you.
There is a stone staircase leading up here.
The yak gores you but does no damage. x2
You climb upwards.
There is a stone staircase leading down here.
The yak closely misses you. The yak attacks as you move away!
The yak gores you! The yak attacks as you move away! The yak gores you!
* * * LOW HITPOINT WARNING * * *
The yak attacks as you move away! The yak barely misses you.
Okay, then.
You feel yourself speed up. The yak gores you!
You die...

'####.......######..♣#.._#_..#♣#
.................#...#...#...#.##
.............###.#.......#.......
....................#..#####..##.
..........#####.###.#...♣#♣...##.
..........'...#.....#.#..........
..........###.#####.........#.###
..........###.#####.#....##.#.# #
...........##..Y@.#.#....##.#.###
........<..##.Y##.#.#.#..##....##
...........##..##.#......####..##
...........##...#.#............#.
.............>..#.#......####..#.
####......#.#...#.###########.##.
# #......#.#...#.............#..
#.[....#.#...###############.#
#......#.#...........# ###..#


You could see 2 yaks.

Vanquished Creatures
  Grinder (D:3)
  A black bear (D:4)
  A phantom (D:4)
  A scorpion (D:4)
  A centaur zombie (Ossuary)
  A gnoll bouda (D:5)
  2 human zombies (Ossuary)
  An orc priest (D:3)
  A jelly (D:5)
  Jessica (D:1)
  2 orc wizards (D:5)
  2 mummies (Ossuary)
  4 gnolls (D:5)
  7 adders
  4 worms
  12 orcs
  12 ball pythons
  4 bats (D:2)
  6 endoplasms
  2 giant cockroaches (D:1)
  5 goblins
  9 hobgoblins
  6 kobolds
  12 quokkas
  4 frilled lizards
  3 goblin zombies (Ossuary)
  8 hobgoblin zombies (Ossuary)
  A jackal zombie (Ossuary)
  13 kobold zombies (Ossuary)
  6 orc zombies (Ossuary)
  4 rats
  3 rat zombies (Ossuary)
140 creatures vanquished.

Notes
Turn   | Place    | Note
-------+----------+-------------------------------------------
     0 | D:1      | cforsyth the Deep Elf Earth Elementalist began the quest
                  | for the Orb.
     0 | D:1      | Reached XP level 1. HP: 10/10 MP: 6/6
    30 | D:1      | You fall into a shaft and drop 1 floor!
    60 | D:2      | Reached XP level 2. HP: 15/15 MP: 3/8
   240 | D:1      | Reached skill level 4 in Spellcasting
   337 | D:1      | Reached XP level 3. HP: 19/19 MP: 8/10
  1327 | D:2      | Noticed Jessica
  1328 | D:2      | Reached XP level 4. HP: 24/24 MP: 4/12
  1339 | D:1      | Killed Jessica
  1340 | D:1      | Reached skill level 5 in Spellcasting
  2345 | D:3      | Reached skill level 5 in Earth Magic
  2345 | D:3      | Reached XP level 5. HP: 22/28 MP: 10/15
  2495 | D:3      | Found an iron altar of Okawaru.
  2513 | D:3      | Found a snail-covered altar of Cheibriados.
  2523 | D:3      | Found a shimmering blue altar of Sif Muna.
  2651 | D:3      | Found a bloodstained altar of Trog.
  2696 | D:3      | Noticed Grinder
  2705 | D:3      | Killed Grinder
  2706 | D:3      | Reached skill level 6 in Spellcasting
  2706 | D:3      | Reached XP level 6. HP: 11/32 MP: 7/17
  2847 | D:3      | Found a faded altar of an unknown god.
  2920 | D:3      | Found a sacrificial altar of Ru.
  3021 | D:4      | Reached skill level 7 in Spellcasting
  3153 | D:4      | Reached XP level 7. HP: 36/36 MP: 16/20
  3157 | D:4      | Found a sand-covered staircase.
  3162 | Ossuary  | Entered an ossuary
  3479 | Ossuary  | Reached skill level 8 in Spellcasting
  4405 | D:5      | Entered Level 5 of the Dungeon
  4457 | D:5      | Found a sparkling altar of Nemelex Xobeh.
  4577 | D:5      | Found an opulent altar of Gozag.
  4691 | D:5      | Found a staircase to the Ecumenical Temple.
  4703 | Temple   | Entered the Ecumenical Temple
  4714 | Temple   | Became a worshipper of Vehumet
  4766 | D:5      | Noticed a yak
  4767 | D:5      | Noticed a yak
  4769 | D:5      | Noticed a yak
  4794 | D:3      | Slain by a yak

Illustrated notes

Levels and vault maps discovered:
D:1:      nzn_arrival_depleted_hourglass, layout_loops_corners
D:2:      layout_loops_cross, uniq_jessica
D:3:      minmay_general_purpose_star, layout_basic, general_overflow_altar,
          nicolae_overflow_quartered_altars,
          shapermc_ecumenical_altar_notcrosses, serial_curves, eino_curves_04,
          eino_curves_04, eino_curves_04, eino_curves_02, uniq_grinder
D:4:      layout_loops_corners, enter_ossuary_3
D:5:      layout_rooms, nemelex_spade_bored_becter, grunt_gozag_breadcrumbs,
          minmay_temple_entry_statues_pillars, wad_rectangle_vault
Temple:   nicolae_temple_x_marks_the_god

Skill      XL: |  1  2  3  4  5  6  7 |
---------------+----------------------+-----
Spellcasting   | 4 5 6 7 8 |  8.9
Earth Magic    | 4 5 6 7 |  7.8
Dodging        | |  2.4
Stealth        | |  2.4
Transmutations | |  1.1

Action                     |  1- 3 |  4- 6 |  7- 9 || total
---------------------------+-------+-------+-------++-------
  Melee: Unarmed           |       |     3 |       ||     3
         Punch             |       |     1 |       ||     1
   Cast: Sandblast         |    43 |    65 |    90 ||   198
    Use: Scroll            |       |       |     5 ||     5
         Potion            |       |       |     1 ||     1
 Armour: Robe              |     2 |     6 |     3 ||    11
  Dodge: Dodged            |     5 |    11 |    16 ||    32

Table legend: (Time is in decaauts)
 A = Elapsed time spent in this place.
 B = Non-inter-level travel time spent in this place.
 C = Inter-level travel time spent in this place.
 D = Time resting spent in this place.
 E = Time spent auto-exploring this place.
 F = Levels seen in this place.
 G = Mean time per level.
                   A        B        C        D        E       F      G
               +--------+--------+--------+--------+--------+-----+--------+
         Total |   4892 |   4800 |     92 |    135 |   3650 |   7 |  698.9 |
       Dungeon |   4336 |   4251 |     85 |    126 |   3427 |   5 |  867.2 |
        Temple |     18 |     11 |      7 |      0 |      5 |   1 |   18.0 |
       Ossuary |    536 |    536 |      0 |      9 |    218 |   1 |  536.0 |
               +--------+--------+--------+--------+--------+-----+--------+

Top non-repeatable levels by time:
     D:1: 1277 daAuts
     D:4: 969 daAuts
     D:3: 938 daAuts
     D:2: 777 daAuts
 Ossuary: 536 daAuts
     D:5: 373 daAuts
  Temple: 18 daAuts
